 Dungeon Crawl Stone Soup version 0.21.1-1-g345015f (webtiles) character file.

79 rb the Chopper (level 4, -1/40 HPs)
             Began as a Hill Orc Monk on Feb 8, 2018.
             Slain by Crazy Yiuf
             ... wielding a +3 quarterstaff of chaos
              (3 damage)
             ... on level 2 of the Dungeon.
             The game lasted 00:03:38 (1930 turns).

rb the Chopper (Hill Orc Monk)                      Turns: 1930, Time: 00:03:39

Health: -1/40      AC:  6    Str: 14    XL:     4   Next: 38%
Magic:  13/13      EV: 10    Int: 10    God:
Gold:   60         SH:  0    Dex: 13    Spells: 3/3 levels left

rFire    . . .     SeeInvis .   a - +0 hand axe
rCold    . . .     Gourm    .   (no shield)
rNeg     . . .     Faith    .   m - +0 scale mail
rPois    .         Spirit   .   (no helmet)
rElec    .         Reflect  .   (no cloak)
rCorr    .         Harm     .   (no gloves)
MR       .....                  (no boots)
Stlth    ..........             (no amulet)
HPRegen  0.13/turn              d - ring of magical power
MPRegen  0.13/turn              (no ring)

@: lethally poisoned (-1 -> -6), drained
A: no striking features
a: no special abilities


You were on level 2 of the Dungeon.
You were not hungry.

You visited 1 branch of the dungeon, and saw 2 of its levels.

You collected 60 gold pieces.

Inventory:

Hand Weapons
 a - a +0 hand axe (weapon)
Missiles
 f - 102 stones (quivered)
 k - 8 tomahawks
Armour
 g - a +1 leather armour
 h - a +0 ring mail
 l - a +0 buckler
 m - a +0 scale mail (worn)
Jewellery
 d - a ring of magical power (left hand)
Potions
 e - a potion of berserk rage {unknown}
 i - 2 potions of agility {unknown}
 j - a potion of haste {unknown}
Comestibles
 b - 3 chunks of flesh
 c - 4 rations


   Skills:
 - Level 3.8(3.4) Fighting
 + Level 5.9(5.6) Axes
 - Level 2.5(2.2) Dodging
 - Level 1.8(1.4) Stealth
 + Level 1.2(0.9) Shields


You had 3 spell levels left.
You didn't know any spells.

Dungeon Overview and Level Annotations

Branches:
Dungeon (2/15)

Altars:
Elyvilon

Annotations:
D:2 Crazy Yiuf, Terence


Message History

You are too injured to fight recklessly!
You are too injured to fight recklessly!
You are too injured to fight recklessly!
You are too injured to fight recklessly!
You are too injured to fight recklessly!
You are too injured to fight recklessly!
You are too injured to fight recklessly!
You are too injured to fight recklessly!
You barely miss Crazy Yiuf.
You feel sick.
Crazy Yiuf hits you with a quarterstaff of chaos.
Crazy Yiuf freezes you.
You hit Crazy Yiuf.
Crazy Yiuf is moderately wounded.
You feel sick. Crazy Yiuf barely misses you.
You closely miss Crazy Yiuf.
Crazy Yiuf is moderately wounded.
Crazy Yiuf hits you with a quarterstaff of chaos!
* * * LOW HITPOINT WARNING * * *
You feel drained.
You die...

.>...########..###.#
............##.##..#
####.#########.##)##
#.## ###### #..#
##.###♣♣♣♣♣
#.#.#..♣.♣♣♣ ####
#.......♣..♣#...#
#......♣♣♣♣.@g..#
##..#.♣♣ ♣♣#..)#
####♣♣ ####


You could see Crazy Yiuf.

Vanquished Creatures
  3 adders (D:2)
  2 oozes (D:2)
  A dart slug (D:2)
  2 leopard geckos
  6 bats
  3 giant cockroaches (D:2)
  5 hobgoblins
  5 kobolds
  2 quokkas (D:2)
  A frilled lizard (D:1)
  4 goblins
  4 rats
38 creatures vanquished.

Notes
Turn   | Place    | Note
-------+----------+-------------------------------------------
     0 | D:1      | rb the Hill Orc Monk began the quest for the Orb.
     0 | D:1      | Reached XP level 1. HP: 19/19 MP: 1/1
   391 | D:1      | Reached XP level 2. HP: 27/27 MP: 2/2
   866 | D:2      | Reached skill level 5 in Axes
   866 | D:2      | Reached XP level 3. HP: 21/33 MP: 3/3
  1151 | D:2      | Noticed Terence
  1512 | D:2      | Found a faded altar of an unknown god.
  1546 | D:2      | Reached XP level 4. HP: 40/40 MP: 4/4
  1596 | D:2      | Reached skill level 1 in Shields
  1602 | D:2      | Found a white marble altar of Elyvilon.
  1771 | D:2      | Found a runed door.
  1923 | D:2      | Noticed Crazy Yiuf
  1930 | D:2      | HP: 2/40 [Crazy Yiuf/quarterstaff of chaos (12)]
  1930 | D:2      | Slain by Crazy Yiuf

Skill      XL: |  1  2  3  4 |
---------------+-------------+-----
Axes           | 5 |  5.9
Shields        | 1 |  1.2
Fighting       | |  3.8
Dodging        | |  2.5
Stealth        | |  1.8

Action                   |  1- 3 |  4- 6 || total
-------------------------+-------+-------++-------
Melee: Hand axe          |    90 |    60 ||   150
  Use: Scroll            |     4 |       ||     4
 Stab: Sleeping          |     4 |       ||     4
  Eat: Chunk             |     2 |     1 ||     3
Armor: Leather armour    |    19 |       ||    19
       Robe              |     1 |       ||     1
       Scale mail        |     2 |    39 ||    41
Dodge: Dodged            |    60 |    46 ||   106
